 Dungeon Crawl Stone Soup version 0.24.1-5-g77f818bfca (webtiles) character file.

Game seed: 6216766487342555830, levelgen mode: deterministic

648 MajorAdolf the Chopper (level 7, -6/61 HPs)
             Began as a Naga Wanderer on Apr 23, 2020.
             Killed by divine providence
             ... invoked by an orc priest
              (13 damage)
             ... on level 4 of the Dungeon.
             The game lasted 00:08:56 (5501 turns).

MajorAdolf the Chopper (Naga Wanderer)              Turns: 5501, Time: 00:08:56

Health: -6/61      AC: 10    Str: 16    XL:     7   Next: 53%
Magic:  10/10      EV:  3    Int: 12    God:
Gold:   121        SH:  0    Dex: 11    Spells: 9/10 levels left

rFire    . . .     SeeInvis +   r - +4 dagger
rCold    . . .     Gourm    .   (no shield)
rNeg     . . .     Faith    .   p - +0 plate armour
rPois    +         Spirit   .   d - +0 helmet
rElec    .         Reflect  .   (no cloak)
rCorr    .         Harm     .   (no gloves)
MR       .....                  (no barding)
Stlth    ..........             (no amulet)
HPRegen  0.20/turn              (no ring)
MPRegen  0.12/turn              (no ring)

@: short of breath, very slow
A: large, see invisible, deformed body, poison resistance, slowness 2, slow
metabolism 1, spit poison 1, AC +2
a: Spit Poison


You were on level 4 of the Dungeon.
You were near starving.

You visited 1 branch of the dungeon, and saw 4 of its levels.

You collected 121 gold pieces.

Inventory:

Hand Weapons
 a - a +0 hand axe
 o - a +0 war axe
 r - a +4 dagger (weapon)
Armour
 d - a +0 helmet (worn)
 p - a +0 plate armour (worn)
Scrolls
 c - a scroll of amnesia {unknown}
 e - 3 scrolls of teleportation {unknown}
 k - a scroll of enchant weapon {unknown}
 l - 2 scrolls of remove curse {unknown}
 n - a scroll of enchant armour {unknown}
 s - a scroll of magic mapping {unknown}
 t - a scroll of blinking {unknown}
Potions
 b - 5 potions of lignification
 g - 3 potions of curing
 h - 2 potions of flight {unknown}
 i - 2 potions of ambrosia {unknown}
 j - a potion of brilliance {unknown}
 m - 2 potions of might {unknown}
 q - a potion of heal wounds {unknown}
Comestibles
 f - 8 rations


   Skills:
 - Level 2.4 Fighting
 + Level 5.2 Axes
 - Level 1.0 Throwing
 - Level 4.0 Armour
 - Level 1.7 Dodging
 - Level 1.0 Unarmed Combat
 - Level 2.0 Spellcasting
 - Level 2.0 Charms
   Level 1.0 Earth Magic
   Level 1.0 Evocations


You had 9 spell levels left.
You knew the following spells:

 Your Spells              Type           Power        Failure   Level  Hunger
a - Infusion              Chrm           #...         100%        1    ##.....

Your spell library contained the following spells:

 Spells                   Type           Power        Failure   Level  Hunger
 Shroud of Golubria       Chrm/Tloc      #.....       100%        2    ###....
 Song of Slaying          Chrm           #.......     100%        2    ###....
 Regeneration             Chrm/Necr      #.........   100%        3    ####...
 Spectral Weapon          Hex/Chrm       #.......     100%        3    ####...


Dungeon Overview and Level Annotations

Branches:
Dungeon (4/15)
 Temple: D:4-7

Altars:


Innate Abilities, Weirdness & Mutations

You cannot wear boots.
Your serpentine skin is tough. (AC +2)
You have supernaturally acute eyesight. (SInv)
Armour fits poorly on your strangely shaped body.
Your system is resistant to poisons. (rPois)
You cover ground very slowly.
You have a slow metabolism.
You can spit poison.


Message History

The orc priest hits you but does no damage.
The orc hits you but does no damage.
You hit the orc priest but do no damage.
The orc priest is severely wounded.
The orc priest hits you but does no damage.
The orc barely misses you.
Unknown command.
Press: ? - help, Shift-Dir - straight line, f/p - orc priest
Aim: an orc priest, wielding a +0 flail and wearing a +0 ring mail (severely wounded)
The splash of poison misses the orc priest.
You feel slightly more hungry.
The orc priest hits you with a +0 flail.
* * * LOW HITPOINT WARNING * * *
The orc hits you.
* * * LOW HITPOINT WARNING * * *
Unknown command.
It was a potion of curing.
You feel better.
The orc priest invokes the aid of Beogh against you.
Beogh smites you!
You die...

#.# .#.# ... (...
#.#+#.#.# ###.....#.#
.......... #.....#.#
... #....# .# ##..##
#...o# .# .....
###...@##.##########..#
#.....o)...............
#......................
#......................
#...................^..
#.....................<
#......................
#......................
#......(...............


You could see an orc priest and an orc.

Vanquished Creatures
  Eustachio (D:3)
  A phantom (D:3)
  An ogre (D:4)
  A scorpion (D:2)
  3 orc wizards
  A centaur skeleton (D:4)
  A bullfrog skeleton (D:4)
  4 gnolls
  3 adders (D:3)
  2 worms (D:2)
  3 dart slugs
  2 leopard geckos
  7 orcs
  14 giant cockroaches
  7 goblins
  6 hobgoblins
  2 jackals (D:2)
  8 kobolds
  3 quokkas
  A ball python (D:4)
  4 bats
  3 frilled lizards
  5 rats
83 creatures vanquished.

Notes
Turn   | Place    | Note
-------+----------+-------------------------------------------
     0 | D:1      | MajorAdolf the Naga Wanderer began the quest for the Orb.
     0 | D:1      | MajorAdolf set off with the following items: a +0 club, 2
                  | potions of lignification, a +0 robe, a ration; and the
                  | following spell memorised: Infusion; and the following
                  | spells available to memorise: Song of Slaying, Shroud of
                  | Golubria, Regeneration, Spectral Weapon
     0 | D:1      | Reached XP level 1. HP: 15/15 MP: 3/3
   692 | D:1      | Reached skill level 1 in Fighting
   843 | D:1      | Reached XP level 2. HP: 13/25 MP: 5/5
  1478 | D:2      | Reached XP level 3. HP: 24/33 MP: 6/6
  1904 | D:2      | Reached skill level 1 in Armour
  2218 | D:2      | Noticed a scorpion
  2243 | D:2      | Killed a scorpion
  2243 | D:2      | Reached XP level 4. HP: 5/40 MP: 7/7
  3064 | D:2      | Reached XP level 5. HP: 44/46 MP: 8/8
  3629 | D:3      | Reached XP level 6. HP: 55/55 MP: 9/9
  3774 | D:3      | Noticed a phantom
  4045 | D:3      | Killed a phantom
  4045 | D:3      | Reached skill level 2 in Axes
  4801 | D:4      | Reached skill level 3 in Axes
  4900 | D:4      | Noticed Eustachio
  5134 | D:3      | Killed Eustachio
  5134 | D:3      | Reached skill level 4 in Axes
  5134 | D:3      | Reached XP level 7. HP: 49/61 MP: 10/10
  5233 | D:4      | Reached skill level 5 in Axes
  5500 | D:4      | HP: 2/61 [orc (2)]
  5501 | D:4      | Killed from afar by an orc priest

Levels and vault maps discovered:
D:1:      dpeg_arrival_short_road, layout_rooms
D:2:      minmay_roachtagon, layout_basic, first_ration, minmay_quantized
D:3:      minmay_skewed_foursquare, layout_basic
D:4:      layout_basic, serial_curves, eino_curves_04, eino_curves_04,
          uniq_eustachio

Skill      XL: |  1  2  3  4  5  6  7 |
---------------+----------------------+-----
Fighting       | 1 2 |  2.4
Armour         | 2 3 4 |  4.0
Axes           | 4 5 |  5.2
Throwing       | |  1.0
Dodging        | |  1.7
Unarmed Combat | |  1.0
Spellcasting   | |  2.0
Charms         | |  2.0
Earth Magic    | |  1.0
Evocations     | |  1.0

Action                   |  1- 3 |  4- 6 |  7- 9 || total
-------------------------+-------+-------+-------++-------
Melee: Short sword       |   172 |    44 |       ||   216
       Unarmed           |     1 |       |       ||     1
       Dagger            |       |   205 |    19 ||   224
       Punch             |       |     2 |       ||     2
 Abil: Spit Poison       |    24 |    16 |     5 ||    45
  Use: Potion            |       |       |     1 ||     1
  Eat: Chunk             |     4 |     7 |     1 ||    12
Armor: Robe              |    20 |       |       ||    20
       Plate armour      |   131 |   197 |    15 ||   343
Dodge: Dodged            |    52 |    39 |     6 ||    97
